 Dungeon Crawl Stone Soup version 0.26-a0-466-g989023bd0d (webtiles) character file.

Game seed: 9169230622505092905

781 sanka the Covert (level 7, -2/32 HPs)
             Began as a Spriggan Enchanter on Aug 14, 2020.
             Was an Initiate of Ru.
             Slain by a wight
             ... wielding a +4 morningstar
              (3 damage)
             ... on level 6 of the Dungeon.
             The game lasted 00:11:09 (6103 turns).

sanka the Covert (Spriggan Enchanter)               Turns: 6103, Time: 00:11:09

Health: -2/32      AC:  3    Str:  4    XL:     7   Next: 55%
Magic:  10/12      EV: 22    Int: 17    God:    Ru [......]
Gold:   218        SH:  0    Dex: 24    Spells: 3/12 levels left

rFire    . . .     SeeInvis +   a - +1 dagger
rCold    . . .     Faith    .   (shield restricted)
rNeg     . . .     Spirit   .   b - +0 robe
rPois    .         Reflect  .   (helmet restricted)
rElec    .         Harm     .   w - +0 cloak
rCorr    .                      (gloves unavailable)
MR       +....                  (boots unavailable)
Stlth    ++++......             (no amulet)
HPRegen  0.10/turn              v - +4 ring of evasion
MPRegen  0.13/turn              h - +6 ring of dexterity

@: drained, very quick
A: very small, unfitting armour, see invisible, speed 3
a: Renounce Religion


You were on level 6 of the Dungeon.
You worshipped Ru.
Ru was noncommittal.
You visited 2 branches of the dungeon, and saw 7 of its levels.

You collected 218 gold pieces.


Innate Abilities, Weirdness & Mutations

You are very small and have problems with some larger weapons.
You are too small for most types of armour.
You have supernaturally acute eyesight. (SInv)
You cover ground extremely quickly.


   Skills:
 - Level 5.0(4.3) Short Blades
 - Level 3.0(2.3) Dodging
 - Level 8.0(7.2) Stealth
 - Level 3.0(2.3) Spellcasting
 + Level 7.7(6.9) Hexes


You had 3 spell levels left.
You knew the following spells:

 Your Spells              Type           Power        Failure   Level
x - Tukima's Dance        Hex            ####....     3%          3
z - Ensorcelled Hibernat  Hex/Ice        ##....       7%          2
X - Confusing Touch       Hex            ####....     3%          3
Z - Corona                Hex            ####...      1%          1

Your spell library contained the following spells:

 Spells                   Type           Power        Failure   Level
 Dazzling Flash           Conj/Hex       ##....       14%         3

Inventory:

Hand Weapons
 a - a +1 dagger (weapon)
Armour
 b - a +0 robe (worn)
 w - a +0 cloak (worn)
Jewellery
 h - a +6 ring of dexterity (right hand)
 n - an uncursed ring of wizardry
 u - an uncursed ring of resist corrosion
 v - a +4 ring of evasion (left hand)
Scrolls
 e - 3 scrolls of fear {unknown}
 i - 2 scrolls of remove curse {unknown}
 j - 2 scrolls of immolation {unknown}
 m - 2 scrolls of teleportation {unknown}
 p - a scroll of enchant armour {unknown}
 q - 2 scrolls of amnesia {unknown}
 r - 2 scrolls of identify {unknown}
 s - a scroll of blinking {unknown}
 t - a scroll of magic mapping {unknown}
Potions
 c - a potion of stabbing {unknown}
 d - a potion of cancellation {unknown}
 f - 2 potions of curing {unknown}
 g - 2 potions of degeneration {unknown}
 k - 2 potions of might {unknown}
 l - 2 potions of flight {unknown}
 o - 3 potions of invisibility {unknown}

Dungeon Overview and Level Annotations

Branches:
Dungeon (6/15)             Temple (1/1) D:5

Altars:
Ashenzari
Cheibriados
Dithmenos
Elyvilon
Fedhas
Hepliaklqana
Kikubaaqudgha
Makhleb
Nemelex Xobeh
Okawaru
Qazlal
Ru
Sif Muna
Trog
Uskayaw
Vehumet
Xom
Yredelemnul
Zin
The Shining One

......'.z.▒.......
......▒...▒.▒+▒▒▒▒
......▒▒'▒▒.▒.▒
............▒.▒
......▒▒▒▒▒.▒.▒ ..... ▒...▒
......▒▒▒▒▒▒..▒▒▒▒▒▒▒▒
............z........
▒▒▒▒▒▒▒▒▒▒▒i.▒▒▒▒▒▒▒▒
........z.......
▒▒▒▒▒▒▒..▒▒▒▒▒▒▒ .▒ ..
..........▒ .▒...
▒▒▒▒▒▒▒▒▒▒▒▒>▒.▒▒▒▒▒▒▒▒.▒...
.▒.........<..▒..............
........(.....▒..............
▒....(.[.....▒..............
▒............▒..............


You could see 2 wights.


Message History

Found a sapphire potion.
There is an open door here.
There is a collapsed entrance here.
There is an open door here.
Your hands begin to glow red.
The wight completely misses you.
You hit the wight but do no damage. The wight closely misses you.
You barely miss the wight. You hit the wight but do no damage.
You hit the wight but do no damage.
The wight appears confused.
The wight hits you with a +3 war axe.
You feel drained. The wight misses you.
You hit the wight but do no damage. The wight misses you.
You hit the wight but do no damage. The wight completely misses you.
The wight misses you.
You hit the wight but do no damage. You hit the wight but do no damage.
The wight hits you with a +3 war axe!
Unknown command.
The wight hits you with a +3 war axe.
* * * LOW HITPOINT WARNING * * *
The wight hits you with a +4 morningstar!
* * * LOW HITPOINT WARNING * * *
You feel drained.
You die...

Action                   |  1- 3 |  4- 6 |  7- 9 || total
-------------------------+-------+-------+-------++-------
Melee: Dagger            |   180 |    61 |    24 ||   265
 Cast: Corona            |    12 |       |       ||    12
       Ensorcelled Hiber |    30 |    27 |    16 ||    73
       Confusing Touch   |       |     2 |     2 ||     4
 Stab: Sleeping          |    24 |    31 |     9 ||    64
       Confused          |       |     2 |     1 ||     3
Armor: Robe              |    19 |       |       ||    19
Dodge: Dodged            |   158 |    46 |    47 ||   251

Levels and vault maps discovered:
D:1:      heliophobic_arrival_battle_scene, layout_basic,
          minmay_worlds_worst_comb
D:2:      minmay_skewed_foursquare, layout_loops_cross,
          lemuel_coloured_pillars_altar, minitemple,
          chequers_ecumenical_altar_twisty
D:3:      layout_rooms, marbit_many_paths
D:4:      layout_loops_ring
D:5:      layout_loops_ring, nicolae_qazlal_eye_of_the_storm,
          lemuel_doored_altar, temple_fountains
D:6:      layout_basic, kennysheep_mini_moat, lemuel_round_altar, basic_altar,
          enter_ossuary_2
Temple:   nicolae_temple_figure_eight

Notes
Turn   | Place    | Note
-------+----------+-------------------------------------------
     0 | D:1      | sanka the Spriggan Enchanter began the quest for the Orb.
     0 | D:1      | Reached XP level 1. HP: 9/9 MP: 5/5
    43 | D:1      | Reached skill level 5 in Stealth
   359 | D:1      | Reached XP level 2. HP: 9/13 MP: 3/6
   906 | D:1      | Learned a level 2 spell: Ensorcelled Hibernation
  1096 | D:1      | Reached skill level 6 in Stealth
  1406 | D:2      | Found a faded altar of an unknown god.
  1632 | D:2      | Reached XP level 3. HP: 16/16 MP: 8/8
  1640 | D:2      | Learned a level 3 spell: Confusing Touch
  2140 | D:2      | Reached skill level 7 in Stealth
  2566 | D:2      | Found an ancient bone altar of Kikubaaqudgha.
  2632 | D:2      | Found a bloodstained altar of Trog.
  2633 | D:2      | Found a shimmering blue altar of Sif Muna.
  2937 | D:3      | Found a basalt altar of Yredelemnul.
  3227 | D:3      | Reached XP level 4. HP: 21/21 MP: 4/9
  3504 | D:3      | Reached skill level 8 in Stealth
  3921 | D:4      | Reached skill level 2 in Short Blades
  3921 | D:4      | Reached XP level 5. HP: 24/24 MP: 10/10
  4076 | D:5      | Entered Level 5 of the Dungeon
  4077 | D:5      | Reached skill level 3 in Short Blades
  4144 | D:5      | Reached skill level 4 in Short Blades
  4167 | D:5      | Noticed an ice beast
  4170 | D:5      | Killed an ice beast
  4170 | D:5      | Reached skill level 5 in Short Blades
  4170 | D:5      | Reached XP level 6. HP: 28/28 MP: 11/11
  4182 | D:5      | Found a stormy altar of Qazlal.
  4224 | D:5      | Learned a level 3 spell: Tukima's Dance
  4269 | D:5      | Reached skill level 3 in Spellcasting
  4269 | D:5      | Reached skill level 4 in Hexes
  4476 | D:5      | Reached skill level 5 in Hexes
  4628 | D:5      | Reached XP level 7. HP: 32/32 MP: 8/12
  4747 | D:5      | Reached skill level 6 in Hexes
  4838 | D:5      | Found a hazy altar of Hepliaklqana.
  5036 | D:5      | Found a staircase to the Ecumenical Temple.
  5047 | Temple   | Entered the Ecumenical Temple
  5247 | Temple   | Became a worshipper of Ru the Awakened
  5543 | D:5      | Reached skill level 7 in Hexes
  6038 | D:6      | Found a radiant altar of Vehumet.
  6103 | D:6      | HP: 1/32 [wight/+4 morningstar (15)]
  6103 | D:6      | Slain by a wight

Vanquished Creatures
  An orc warrior (D:5)
  An ice beast (D:5)
  A bullfrog (D:5)
  A scorpion (D:4)
  A howler monkey (D:5)
  A jelly (D:5)
  3 hounds (D:5)
  A centaur skeleton (D:5)
  2 orc wizards (D:5)
  2 iguanas (D:5)
  3 worker ants (D:5)
  An adder (D:2)
  2 oozes
  An ufetubus (D:5)
  An adder skeleton (D:5)
  A worm (D:3)
  2 leopard geckos
  13 orcs
  6 bats
  8 giant cockroaches
  4 goblins
  6 hobgoblins
  11 jackals
  A ball python (D:2)
  5 frilled lizards
  6 kobolds
  5 rats
90 creatures vanquished.
